TOP OF THE 1ST |
Ellesmere Island Snowpeople batting - Pitching for Twinsburg Tigers : RHP Billy Ramsey
|
Pitching: RHP Billy Ramsey
|
|
Batting: SHB Clive Edney
|
0-0: Ball 1-0: Ball 2-0: Called Strike 2-1: DOUBLE (Line Drive, 3D, EV 99.4 MPH)
|
Batting: RHB Tai Kuo
|
0-0: Called Strike 0-1: Swinging Strike 0-2: Strikes out looking
|
Batting: LHB James Moya
|
0-0: Foul Ball, location: 2F 0-1: Foul Ball, location: 2F 0-2: Fly out, F8 (Flyball, 78D, EV 100.6 MPH)
|
Batting: RHB Luis Rey
|
0-0: Ball 1-0: Ball 2-0: Called Strike 2-1: Ground out 6-3 (Groundball, 6, EV 107.5 MPH)
|
Top of the 1st over - 0 runs, 1 hit, 0 errors, 1 left on base; Ellesmere Island 0 - Twinsburg 0 |
BOTTOM OF THE 1ST |
Twinsburg Tigers batting - Pitching for Ellesmere Island Snowpeople : LHP Luis Ornelas
|
Pitching: LHP Luis Ornelas
|
|
Batting: RHB Christian Ford
|
0-0: Ball 1-0: Ball 2-0: Ball 3-0: Called Strike 3-1: Called Strike 3-2: Foul Ball, location: 2F 3-2: Ground out 4-3 (Groundball, 4, EV 104.4 MPH)
|
Batting: LHB Keith Garner
|
0-0: Ball 1-0: Called Strike 1-1: SINGLE (Flyball, 9LS, EV 93.1 MPH)
|
Batting: RHB Andrés García
|
0-0: Ball 1-0: Ball 2-0: Foul Ball, location: 2F 2-1: Called Strike 2-2: Strikes out looking
|
Batting: RHB Aaron Carter
|
0-0: Ball 1-0: Called Strike 1-1: Ball 2-1: Fly out, F8 (Flyball, 8LM, EV 95.6 MPH)
|
Bottom of the 1st over - 0 runs, 1 hit, 0 errors, 1 left on base; Ellesmere Island 0 - Twinsburg 0 |
TOP OF THE 2ND |
Ellesmere Island Snowpeople batting - Pitching for Twinsburg Tigers : RHP Billy Ramsey
|
Batting: LHB Marvin Moore
|
0-0: Called Strike 0-1: Ball 1-1: Ball 2-1: Ball 3-1: Called Strike 3-2: Strikes out swinging
|
Batting: LHB Tony Fulton
|
0-0: Foul Ball, location: 2F 0-1: SINGLE (Groundball, 4MD, EV 95.6 MPH)
|
Batting: RHB Howard Moore
|
0-0: Foul Ball, location: 2F 0-1: Swinging Strike 0-2: Ball 1-2: Strikes out swinging
|
Batting: RHB Joe Jans
|
0-0: Foul Ball, location: 2F 0-1: Ball 1-1: Swinging Strike 1-2: Ball 2-2: Strikes out swinging
|
Top of the 2nd over - 0 runs, 1 hit, 0 errors, 1 left on base; Ellesmere Island 0 - Twinsburg 0 |
BOTTOM OF THE 2ND |
Twinsburg Tigers batting - Pitching for Ellesmere Island Snowpeople : LHP Luis Ornelas
|
Batting: RHB Ernie Lewis
|
0-0: Ball 1-0: Called Strike 1-1: SINGLE (Groundball, 56D, EV 102.5 MPH)
|
Batting: RHB Elliott O'Bryan
|
0-0: Grounds into double play, 6-4-3 (Groundball, 6, EV 84.4 MPH)
|
Batting: RHB Raúl Rosa
|
0-0: Called Strike 0-1: Ball 1-1: Foul Ball, location: 2F 1-2: Foul Ball, location: 2F 1-2: Ball 2-2: Foul Ball, location: 2F 2-2: Foul Ball, location: 2F 2-2: Strikes out looking
|
Bottom of the 2nd over - 0 runs, 1 hit, 0 errors, 0 left on base; Ellesmere Island 0 - Twinsburg 0 |
TOP OF THE 3RD |
Ellesmere Island Snowpeople batting - Pitching for Twinsburg Tigers : RHP Billy Ramsey
|
Batting: RHB Chris Norman
|
0-0: Ball 1-0: Foul Ball, location: 2F 1-1: Swinging Strike 1-2: Ball 2-2: Strikes out looking
|
Batting: SHB Clive Edney
|
0-0: Foul Ball, location: 2F 0-1: Ball 1-1: Ball 2-1: Foul Ball, location: 2F 2-2: Ground out 4-3 (Groundball, 4M, EV 84.4 MPH)
|
Batting: RHB Tai Kuo
|
0-0: Ball 1-0: Fly out, F9 (Flyball, 89D, EV 89.4 MPH)
|
Top of the 3rd over - 0 runs, 0 hits, 0 errors, 0 left on base; Ellesmere Island 0 - Twinsburg 0 |
BOTTOM OF THE 3RD |
Twinsburg Tigers batting - Pitching for Ellesmere Island Snowpeople : LHP Luis Ornelas
|
Batting: LHB Ray Winters
|
0-0: Foul Ball, location: 2F 0-1: Foul Ball, location: 2F 0-2: Ball 1-2: Foul Ball, location: 2F 1-2: Hit by Pitch
|
Batting: RHB Roland Thomas
|
0-0: Ball Passed Ball! Ray Winters to second 1-0: Fly out, F6 (Popup, 15S, EV 83.8 MPH)
|
Batting: RHB Christian Ford
|
0-0: SINGLE (Groundball, 6MD, EV 102.5 MPH) Ray Winters to third
|
Batting: LHB Keith Garner
|
0-0: Called Strike 0-1: Called Strike 0-2: Strikes out swinging
|
Batting: RHB Andrés García
|
0-0: Called Strike 0-1: Foul Ball, location: 2F 0-2: Strikes out swinging
|
Bottom of the 3rd over - 0 runs, 1 hit, 0 errors, 2 left on base; Ellesmere Island 0 - Twinsburg 0 |
TOP OF THE 4TH |
Ellesmere Island Snowpeople batting - Pitching for Twinsburg Tigers : RHP Billy Ramsey
|
Batting: LHB James Moya
|
0-0: Ball 1-0: Ball 2-0: SINGLE (Flyball, 78S, EV 85.0 MPH)
|
Batting: RHB Luis Rey
|
0-0: Swinging Strike 0-1: Ball 1-1: Called Strike 1-2: Ball 2-2: Ball 3-2: SINGLE (Line Drive, 5D, EV 103.1 MPH) James Moya to second
|
Batting: LHB Marvin Moore
|
0-0: Fly out, F5 (Popup, 56, EV 66.9 MPH)
|
Batting: LHB Tony Fulton
|
0-0: Fly out, F8 (Flyball, 8RD, EV 98.8 MPH)
|
Batting: RHB Howard Moore
|
0-0: Ball 1-0: Ball Wild Pitch! James Moya to third Luis Rey to second 2-0: Foul Ball, location: 2F 2-1: Foul Ball, location: 2F 2-2: Foul Ball, location: 2F 2-2: Fly out, F6 (Popup, 4MD, EV 53.8 MPH)
|
Top of the 4th over - 0 runs, 2 hits, 0 errors, 2 left on base; Ellesmere Island 0 - Twinsburg 0 |
BOTTOM OF THE 4TH |
Twinsburg Tigers batting - Pitching for Ellesmere Island Snowpeople : LHP Luis Ornelas
|
Batting: RHB Aaron Carter
|
0-0: TRIPLE (Line Drive, 89XD, EV 101.2 MPH)
|
Batting: RHB Ernie Lewis
|
0-0: Called Strike 0-1: Swinging Strike 0-2: Ball 1-2: Strikes out swinging
|
Batting: RHB Elliott O'Bryan
|
0-0: SINGLE (Groundball, 4MS, EV 67.5 MPH) (infield hit) Aaron Carter scores
|
Batting: RHB Raúl Rosa
|
0-0: Ball 1-0: Foul Ball, location: 2F 1-1: Ball 2-1: Ground out U3 (Groundball, 3S, EV 79.4 MPH) Elliott O'Bryan to second
|
Batting: LHB Ray Winters
|
0-0: Ball 1-0: Ball 2-0: Ball 3-0: Base on Balls
|
Batting: RHB Roland Thomas
|
0-0: Called Strike 0-1: Ball 1-1: Foul Ball, location: 2F 1-2: Strikes out looking
|
Bottom of the 4th over - 1 run, 2 hits, 0 errors, 2 left on base; Ellesmere Island 0 - Twinsburg 1 |
TOP OF THE 5TH |
Ellesmere Island Snowpeople batting - Pitching for Twinsburg Tigers : RHP Billy Ramsey
|
Batting: RHB Joe Jans
|
0-0: Ball 1-0: Foul Ball, location: 2F 1-1: Called Strike 1-2: Ball 2-2: Ball 3-2: Strikes out swinging
|
Batting: RHB Chris Norman
|
0-0: Called Strike 0-1: Ball 1-1: Called Strike 1-2: Foul Ball, location: 2F 1-2: Ball 2-2: Foul Ball, location: 2F 2-2: Foul Ball, location: 2F 2-2: Ball 3-2: Fly out, F7 (Flyball, 78S, EV 88.1 MPH)
|
Batting: SHB Clive Edney
|
0-0: Ground out 6-3 (Groundball, 6, EV 77.5 MPH)
|
Top of the 5th over - 0 runs, 0 hits, 0 errors, 0 left on base; Ellesmere Island 0 - Twinsburg 1 |
BOTTOM OF THE 5TH |
Twinsburg Tigers batting - Pitching for Ellesmere Island Snowpeople : LHP Luis Ornelas
|
Batting: RHB Christian Ford
|
0-0: Ground out 5-3 (Groundball, 5, EV 81.2 MPH)
|
Batting: LHB Keith Garner
|
0-0: Ball 1-0: Ball 2-0: Ball 3-0: Base on Balls
|
Batting: RHB Andrés García
|
0-0: Ball 1-0: Foul Ball, location: 2F 1-1: Foul Ball, location: 2F 1-2: Ball 2-2: Ball 3-2: SINGLE (Groundball, 6MD, EV 108.1 MPH) Keith Garner to second
|
Batting: RHB Aaron Carter
|
0-0: Ball 1-0: Fly out, F8 (Line Drive, 8LM, EV 95.6 MPH)
|
Batting: RHB Ernie Lewis
|
0-0: Ball 1-0: Called Strike 1-1: Foul Ball, location: 2F 1-2: SINGLE (Flyball, 9S, EV 89.4 MPH) Keith Garner to third Andrés García to second Runner from 3rd tries for Home, throw by RF and OUT! 9-2
|
Bottom of the 5th over - 0 runs, 2 hits, 0 errors, 2 left on base; Ellesmere Island 0 - Twinsburg 1 |
TOP OF THE 6TH |
Ellesmere Island Snowpeople batting - Pitching for Twinsburg Tigers : RHP Billy Ramsey
|
Batting: RHB Tai Kuo
|
0-0: Ball 1-0: Called Strike 1-1: Called Strike 1-2: Strikes out swinging
|
Batting: LHB James Moya
|
0-0: DOUBLE (Line Drive, 89M, EV 96.2 MPH)
|
Batting: RHB Luis Rey
|
0-0: Ball 1-0: DOUBLE (Groundball, 5L, EV 105.6 MPH) James Moya scores
|
Batting: LHB Marvin Moore
|
0-0: Intentional Walk
|
Batting: LHB Tony Fulton
|
0-0: Foul Ball, location: 2F 0-1: Called Strike 0-2: Foul Ball, location: 2F 0-2: Strikes out swinging
|
Batting: RHB Howard Moore
|
0-0: Ball 1-0: Ball 2-0: Fly out, F9 (Flyball, 9S, EV 86.9 MPH)
|
Top of the 6th over - 1 run, 2 hits, 0 errors, 2 left on base; Ellesmere Island 1 - Twinsburg 1 |
BOTTOM OF THE 6TH |
Twinsburg Tigers batting - Pitching for Ellesmere Island Snowpeople : LHP Luis Ornelas
|
Batting: RHB Elliott O'Bryan
|
0-0: SINGLE (Groundball, 6MD, EV 100.0 MPH)
|
Batting: RHB Raúl Rosa
|
0-0: Ball 1-0: Fielders Choice at 2nd, 1-4 (Groundball, P, EV 64.4 MPH)
|
Batting: LHB Ray Winters
|
0-0: Ball 1-0: Ball 2-0: Fly out, F7 (Flyball, 7LS, EV 98.1 MPH)
|
Batting: RHB Roland Thomas
|
0-0: Ground out 6-3 (Groundball, 6S, EV 78.1 MPH)
|
Bottom of the 6th over - 0 runs, 1 hit, 0 errors, 1 left on base; Ellesmere Island 1 - Twinsburg 1 |
TOP OF THE 7TH |
Ellesmere Island Snowpeople batting - Pitching for Twinsburg Tigers : RHP Billy Ramsey
|
Batting: RHB Joe Jans
|
0-0: Called Strike 0-1: Ground out 1-3 (Groundball, 15, EV 73.8 MPH)
|
Batting: RHB Chris Norman
|
0-0: Called Strike
|
|
|
|
0-1: Ball 1-1: Called Strike 1-2: Foul Ball, location: 2F 1-2: Ball 2-2: Ground out 6-3 (Groundball, 6, EV 76.2 MPH)
|
Pitching: RHP Chor-min Kim
|
|
Batting: SHB Clive Edney
|
0-0: Ground out 5-3 (Groundball, 5, EV 83.8 MPH)
|
Top of the 7th over - 0 runs, 0 hits, 0 errors, 0 left on base; Ellesmere Island 1 - Twinsburg 1 |
BOTTOM OF THE 7TH |
Twinsburg Tigers batting - Pitching for Ellesmere Island Snowpeople : LHP Luis Ornelas
|
Pitching: RHP Luis Castillo
|
|
Batting: RHB Christian Ford
|
0-0: Ball 1-0: SINGLE (Line Drive, 89S, EV 86.2 MPH)
|
Batting: LHB Keith Garner
|
0-0: Foul Ball, location: 2F 0-1: Ball 1-1: Called Strike 1-2: Strikes out looking
|
Batting: RHB Andrés García
|
0-0: Called Strike 0-1: Ball 1-1: Swinging Strike 1-2: Ball 2-2: Strikes out looking
|
Batting: RHB Aaron Carter
|
0-0: Ball 1-0: Foul Ball, location: 2F 1-1: Foul Ball, location: 2F 1-2: DOUBLE (Flyball, 8RXD, EV 97.5 MPH) Christian Ford to third
|
Batting: RHB Ernie Lewis
|
0-0: Intentional Walk
|
Batting: RHB Elliott O'Bryan
|
0-0: Ball 1-0: Called Strike 1-1: Swinging Strike 1-2: Ball 2-2: Ball 3-2: Strikes out swinging
|
Bottom of the 7th over - 0 runs, 2 hits, 0 errors, 3 left on base; Ellesmere Island 1 - Twinsburg 1 |
TOP OF THE 8TH |
Ellesmere Island Snowpeople batting - Pitching for Twinsburg Tigers : RHP Chor-min Kim
|
Batting: RHB Tai Kuo
|
0-0: Called Strike 0-1: Foul Ball, location: 2F 0-2: Ball 1-2: Ball 2-2: Ball 3-2: Base on Balls
|
Batting: LHB James Moya
|
0-0: Ball 1-0: SINGLE (Flyball, 9LS, EV 92.5 MPH) Tai Kuo to second Throwing error, E9 Tai Kuo scores James Moya to second
|
Batting: RHB Luis Rey
|
0-0: Foul Ball, location: 2F 0-1: Foul Ball, location: 2F 0-2: Fly out, F9 (Flyball, 9, EV 77.5 MPH)
|
Batting: LHB Marvin Moore
|
0-0: Intentional Walk
|
Batting: LHB Tony Fulton
|
0-0: Called Strike 0-1: Foul Ball, location: 2F 0-2: Ball 1-2: Foul Ball, location: 2F 1-2: Foul Ball, location: 2F 1-2: Ball 2-2: Ball 3-2: Strikes out looking
|
Batting: RHB Howard Moore
|
0-0: Ball 1-0: Called Strike 1-1: Swinging Strike 1-2: Foul Ball, location: 2F 1-2: Ground out 4-3 (Groundball, 4, EV 90.0 MPH)
|
Top of the 8th over - 1 run, 1 hit, 1 error, 2 left on base; Ellesmere Island 2 - Twinsburg 1 |
BOTTOM OF THE 8TH |
Twinsburg Tigers batting - Pitching for Ellesmere Island Snowpeople : RHP Luis Castillo
|
Now at C: Arif Subhi
|
|
Now in CF: Slavko Boskovic
|
|
Batting: RHB Raúl Rosa
|
0-0: SINGLE (Groundball, 34, EV 91.9 MPH) (infield hit)
|
Pitching: LHP Quiang Fa
|
|
Pinch Hitting: LHB Rommel Fflunker
|
0-0: Swinging Strike 0-1: Ball 1-1: Ball Wild Pitch! Raúl Rosa to second 2-1: Foul Ball, location: 2F 2-2: Ball 3-2: DOUBLE (Line Drive, 7LM, EV 104.4 MPH) Raúl Rosa scores
|
Batting: RHB Roland Thomas
|
0-0: Intentional Walk
|
Pinch Runner at 2nd Keith Thomas:
|
|
Batting: RHB Christian Ford
|
0-0: Ball 1-0: Sac Bunt to P - play at first, batter OUT! 1-4 Keith Thomas to third Roland Thomas to second
|
Batting: LHB Keith Garner
|
0-0: Foul Ball, location: 2F 0-1: Swinging Strike 0-2: Ball 1-2: Strikes out swinging
|
Batting: RHB Andrés García
|
0-0: Intentional Walk
|
Batting: RHB Aaron Carter
|
0-0: Foul Ball, location: 2F 0-1: Swinging Strike 0-2: Ball 1-2: Strikes out looking
|
Bottom of the 8th over - 1 run, 2 hits, 0 errors, 3 left on base; Ellesmere Island 2 - Twinsburg 2 |
TOP OF THE 9TH |
Ellesmere Island Snowpeople batting - Pitching for Twinsburg Tigers : RHP Chor-min Kim
|
Now at 3B: Barthelemy Caraccioni
|
|
Batting: RHB Joe Jans
|
0-0: Ball 1-0: Reached on error, E5 (Groundball, 56, EV 96.9 MPH)
|
Batting: RHB Chris Norman
|
0-0: Swinging Strike 0-1: Ball 1-1: Foul Ball, location: 2F 1-2: Strikes out swinging
|
Batting: SHB Clive Edney
|
0-0: Called Strike 0-1: Foul Ball, location: 2F 0-2: Foul Ball, location: 2F 0-2: Ball 1-2: Ball 2-2: Fly out, F9 (Flyball, 9S, EV 85.6 MPH)
|
Batting: RHB Tai Kuo
|
0-0: Ball 1-0: Called Strike Joe Jans steals 2nd base 1-1: Called Strike 1-2: Ball 2-2: Strikes out swinging
|
Top of the 9th over - 0 runs, 0 hits, 1 error, 1 left on base; Ellesmere Island 2 - Twinsburg 2 |
BOTTOM OF THE 9TH |
Twinsburg Tigers batting - Pitching for Ellesmere Island Snowpeople : LHP Quiang Fa
|
Pitching: RHP Jorge Cestero
|
|
Batting: RHB Ernie Lewis
|
0-0: Called Strike 0-1: Ball 1-1: Foul Ball, location: 2F 1-2: Ball 2-2: Ball 3-2: Strikes out swinging
|
Batting: RHB Elliott O'Bryan
|
0-0: Called Strike 0-1: SINGLE (Line Drive, 78S, EV 93.8 MPH)
|
Batting: RHB Raúl Rosa
|
0-0: Called Strike 0-1: Ball 1-1: Called Strike 1-2: Fly out, F9 (Flyball, 9, EV 81.2 MPH)
|
Batting: RHB Barthelemy Caraccioni
|
0-0: Ball 1-0: Fly out, F9 (Line Drive, 9D, EV 89.4 MPH)
|
Bottom of the 9th over - 0 runs, 1 hit, 0 errors, 1 left on base; Ellesmere Island 2 - Twinsburg 2 |
TOP OF THE 10TH |
Ellesmere Island Snowpeople batting - Pitching for Twinsburg Tigers : RHP Chor-min Kim
|
Pitching: LHP Benjamin Crump
|
|
Batting: LHB James Moya
|
0-0: Ball 1-0: Ball 2-0: Foul Ball, location: 2F 2-1: Foul Ball, location: 2F 2-2: Foul Ball, location: 2F 2-2: Ball 3-2: Foul Ball, location: 2F 3-2: Fly out, F9 (Flyball, 9S, EV 94.4 MPH)
|
Batting: RHB Luis Rey
|
0-0: Ball 1-0: Called Strike 1-1: Foul Ball, location: 2F 1-2: Foul Ball, location: 2F 1-2: Foul Ball, location: 2F 1-2: Ball 2-2: Ball 3-2: SINGLE (Groundball, 56D, EV 100.6 MPH)
|
Batting: LHB Marvin Moore
|
0-0: Ball 1-0: Swinging Strike 1-1: Foul Ball, location: 2F 1-2: Foul Ball, location: 2F 1-2: Strikes out swinging
|
Pinch Hitting: RHB Ieremia Mohala
|
0-0: Swinging Strike 0-1: Called Strike 0-2: Ball 1-2: Ball 2-2: Ball 3-2: Base on Balls Luis Rey to second
|
Batting: RHB Slavko Boskovic
|
0-0: Ball 1-0: Fly out, F5 (Popup, 5S, EV 79.4 MPH)
|
Top of the 10th over - 0 runs, 1 hit, 0 errors, 2 left on base; Ellesmere Island 2 - Twinsburg 2 |
BOTTOM OF THE 10TH |
Twinsburg Tigers batting - Pitching for Ellesmere Island Snowpeople : RHP Jorge Cestero
|
Now at C: Sergio Herrera
|
|
Batting: RHB Roland Thomas
|
0-0: Ball 1-0: Fly out, F9 (Line Drive, 9, EV 86.2 MPH)
|
Batting: RHB Christian Ford
|
0-0: Called Strike 0-1: Ball 1-1: SINGLE (Flyball, 78S, EV 91.2 MPH)
|
Batting: LHB Keith Garner
|
0-0: Ball 1-0: Swinging Strike 1-1: Swinging Strike 1-2: Strikes out looking
|
Batting: RHB Andrés García
|
0-0: Called Strike 0-1: Swinging Strike 0-2: Strikes out looking
|
Bottom of the 10th over - 0 runs, 1 hit, 0 errors, 1 left on base; Ellesmere Island 2 - Twinsburg 2 |
TOP OF THE 11TH |
Ellesmere Island Snowpeople batting - Pitching for Twinsburg Tigers : LHP Benjamin Crump
|
Pitching: RHP Steven Carlson
|
|
Batting: RHB Joe Jans
|
0-0: Called Strike 0-1: Foul Ball, location: 2F 0-2: Ball 1-2: Ground out 6-3 (Groundball, 56, EV 91.9 MPH)
|
Batting: RHB Chris Norman
|
0-0: Ball 1-0: Fly out, F9 (Flyball, 9S, EV 88.1 MPH)
|
Batting: SHB Clive Edney
|
0-0: Ball 1-0: Called Strike 1-1: Fly out, F8 (Line Drive, 8LD, EV 90.6 MPH)
|
Top of the 11th over - 0 runs, 0 hits, 0 errors, 0 left on base; Ellesmere Island 2 - Twinsburg 2 |
BOTTOM OF THE 11TH |
Twinsburg Tigers batting - Pitching for Ellesmere Island Snowpeople : RHP Jorge Cestero
|
Pitching: RHP Edgardo Moncivas
|
|
Batting: RHB Aaron Carter
|
0-0: Fly out, F8 (Flyball, 8RS, EV 84.4 MPH)
|
Batting: RHB Ernie Lewis
|
0-0: Called Strike 0-1: Foul Ball, location: 2F 0-2: Foul Ball, location: 2F 0-2: Strikes out swinging, 2-3 out at first.
|
Batting: RHB Elliott O'Bryan
|
0-0: Called Strike 0-1: Foul Ball, location: 2F 0-2: Strikes out looking
|
Bottom of the 11th over - 0 runs, 0 hits, 0 errors, 0 left on base; Ellesmere Island 2 - Twinsburg 2 |
TOP OF THE 12TH |
Ellesmere Island Snowpeople batting - Pitching for Twinsburg Tigers : RHP Steven Carlson
|
Batting: RHB Tai Kuo
|
0-0: Called Strike 0-1: Ball 1-1: Swinging Strike 1-2: Strikes out swinging
|
Batting: LHB James Moya
|
0-0: Called Strike 0-1: Ball 1-1: Called Strike 1-2: Ball 2-2: Ball 3-2: Fly out, F2 (Popup, 2L, EV 95.6 MPH)
|
Batting: RHB Luis Rey
|
0-0: Ball 1-0: Called Strike 1-1: Foul Ball, location: 2F 1-2: Strikes out looking
|
Top of the 12th over - 0 runs, 0 hits, 0 errors, 0 left on base; Ellesmere Island 2 - Twinsburg 2 |
BOTTOM OF THE 12TH |
Twinsburg Tigers batting - Pitching for Ellesmere Island Snowpeople : RHP Edgardo Moncivas
|
Batting: RHB Raúl Rosa
|
0-0: Ball 1-0: Fly out, F9 (Flyball, 9D, EV 91.2 MPH)
|
Batting: RHB Barthelemy Caraccioni
|
0-0: Ball 1-0: Ball 2-0: Ball 3-0: Base on Balls
|
Batting: RHB Roland Thomas
|
0-0: Swinging Strike 0-1: Ball 1-1: Foul Ball, location: 2F 1-2: Strikes out looking
|
Batting: RHB Christian Ford
|
0-0: Ball 1-0: Ball 2-0: Ground out 1-3 (Groundball, 34S, EV 69.4 MPH)
|
Bottom of the 12th over - 0 runs, 0 hits, 0 errors, 1 left on base; Ellesmere Island 2 - Twinsburg 2 |
TOP OF THE 13TH |
Ellesmere Island Snowpeople batting - Pitching for Twinsburg Tigers : RHP Steven Carlson
|
Pitching: LHP Steve Dimond
|
|
Batting: LHB Marvin Moore
|
0-0: Ball 1-0: Swinging Strike 1-1: Called Strike 1-2: Strikes out swinging
|
Batting: RHB Sergio Herrera
|
0-0: Called Strike 0-1: Swinging Strike 0-2: Ball 1-2: Strikes out swinging
|
Batting: RHB Slavko Boskovic
|
0-0: Fly out, F8 (Flyball, 8LM, EV 88.1 MPH)
|
Top of the 13th over - 0 runs, 0 hits, 0 errors, 0 left on base; Ellesmere Island 2 - Twinsburg 2 |
BOTTOM OF THE 13TH |
Twinsburg Tigers batting - Pitching for Ellesmere Island Snowpeople : RHP Edgardo Moncivas
|
Batting: LHB Keith Garner
|
0-0: SINGLE (Groundball, 34D, EV 95.0 MPH)
|
Batting: RHB Andrés García
|
0-0: Called Strike 0-1: Ball 1-1: Called Strike 1-2: Foul Ball, location: 2F 1-2: Strikes out swinging
|
Batting: RHB Aaron Carter
|
0-0: Foul Ball, location: 2F 0-1: Called Strike 0-2: Ball 1-2: Fly out, F7 (Flyball, 78S, EV 86.2 MPH)
|
Batting: RHB Ernie Lewis
|
0-0: Ball 1-0: Ball Keith Garner steals 2nd base (no throw) 2-0: Intentional Walk
|
Batting: RHB Elliott O'Bryan
|
0-0: Fly out, F7 (Line Drive, 7, EV 83.1 MPH)
|
Bottom of the 13th over - 0 runs, 1 hit, 0 errors, 2 left on base; Ellesmere Island 2 - Twinsburg 2 |
TOP OF THE 14TH |
Ellesmere Island Snowpeople batting - Pitching for Twinsburg Tigers : LHP Steve Dimond
|
Batting: RHB Joe Jans
|
0-0: Called Strike 0-1: Ground out 5-3 (Groundball, 56, EV 84.4 MPH)
|
Batting: RHB Chris Norman
|
0-0: Ground out 6-3 (Groundball, 6, EV 102.5 MPH)
|
Batting: SHB Clive Edney
|
0-0: Ball 1-0: Called Strike 1-1: Foul Ball, location: 2F 1-2: Fly out, F8 (Flyball, 8RD, EV 101.2 MPH)
|
Top of the 14th over - 0 runs, 0 hits, 0 errors, 0 left on base; Ellesmere Island 2 - Twinsburg 2 |
BOTTOM OF THE 14TH |
Twinsburg Tigers batting - Pitching for Ellesmere Island Snowpeople : RHP Edgardo Moncivas
|
Batting: RHB Raúl Rosa
|
0-0: Fly out, F4 (Popup, 4M, EV 58.8 MPH)
|
Batting: RHB Barthelemy Caraccioni
|
0-0: Swinging Strike 0-1: Ball 1-1: Foul Ball, location: 2F 1-2: Fly out, F4 (Popup, 34D, EV 69.4 MPH)
|
Batting: RHB Roland Thomas
|
0-0: Called Strike 0-1: Fly out, F9 (Line Drive, 9, EV 103.1 MPH)
|
Bottom of the 14th over - 0 runs, 0 hits, 0 errors, 0 left on base; Ellesmere Island 2 - Twinsburg 2 |
TOP OF THE 15TH |
Ellesmere Island Snowpeople batting - Pitching for Twinsburg Tigers : LHP Steve Dimond
|
Batting: RHB Tai Kuo
|
0-0: Ball 1-0: Fly out, F8 (Flyball, 8RM, EV 91.2 MPH)
|
Batting: LHB James Moya
|
0-0: Ball 1-0: Called Strike 1-1: Called Strike 1-2: Strikes out swinging
|
Batting: RHB Luis Rey
|
0-0: Swinging Strike 0-1: Ball 1-1: Swinging Strike 1-2: Ball 2-2: Foul Ball, location: 2F 2-2: Fly out, F9 (Flyball, 89M, EV 92.5 MPH)
|
Top of the 15th over - 0 runs, 0 hits, 0 errors, 0 left on base; Ellesmere Island 2 - Twinsburg 2 |
BOTTOM OF THE 15TH |
Twinsburg Tigers batting - Pitching for Ellesmere Island Snowpeople : RHP Edgardo Moncivas
|
Batting: RHB Christian Ford
|
0-0: Ball 1-0: Called Strike 1-1: Foul Ball, location: 2F 1-2: Fly out, F8 (Flyball, 89D, EV 87.5 MPH)
|
Batting: LHB Keith Garner
|
0-0: SINGLE (Line Drive, 89S, EV 107.5 MPH)
|
Pitching: RHP Aberto Gaddi
|
|
Batting: RHB Andrés García
|
0-0: Ball 1-0: Ball Keith Garner steals 2nd base 2-0: Intentional Walk
|
Batting: RHB Aaron Carter
|
0-0: Called Strike 0-1: Foul Ball, location: 2F 0-2: Ball 1-2: Ball 2-2: Foul Ball, location: 2F 2-2: Ball 3-2: 3-RUN HOME RUN (Flyball, 78XD, EV 90.0 MPH), Distance : 425 ft
|
 |
Thursday, June 17th, 2021 - OOTP Baseball 20.8 Build 74
|
|